 Dungeon Crawl Stone Soup version 0.25.1-2-g60ff931df9 (webtiles) character file.

Game seed: 6457168233181307617

667 DogServant the Chopper (level 7, -2/56 HPs)
             Began as a Demonspawn Gladiator on Nov 6, 2020.
             Slain by an orc warrior
             ... wielding a +0 short sword
              (17 damage)
             ... on level 4 of the Dungeon.
             The game lasted 00:05:49 (3665 turns).

DogServant the Chopper (Demonspawn Gladiator)       Turns: 3665, Time: 00:05:50

Health: -2/56      AC: 10    Str: 22    XL:     7   Next: 31%
Magic:  7/7        EV: 12    Int: 10    God:
Gold:   141        SH:  0    Dex: 14    Spells: 6/6 levels left

rFire    . . .     SeeInvis .   a - +0 war axe
rCold    . . .     Gourm    .   (no shield)
rNeg     . . .     Faith    .   i - +0 ring mail
rPois    .         Spirit   .   c - +0 helmet
rElec    .         Reflect  .   g - +0 cloak
rCorr    .         Harm     .   n - +0 pair of gloves
MR       .....                  (no boots)
Stlth    +.........             (no amulet)
HPRegen  0.18/turn              j - +6 ring of strength
MPRegen  0.10/turn              (no ring)

@: no status effects
A: rugged brown scales 2, spiny 1
a: no special abilities


You were on level 4 of the Dungeon.
You were hungry.

You visited 1 branch of the dungeon, and saw 4 of its levels.

You collected 141 gold pieces.

Inventory:

Hand Weapons
 a - a +0 war axe (weapon)
Missiles
 t - 13 poisoned darts
 v - 3 throwing nets (quivered)
Armour
 c - a +0 helmet (worn)
 g - a +0 cloak (worn)
 i - a +0 ring mail (worn)
 n - a +0 pair of gloves (worn)
Jewellery
 j - a +6 ring of strength (left hand)
 u - the amulet of Vegaeraw {Spirit rN++ MR+ Int-5 Dex+2, unknown}
   (You found it on level 4 of the Dungeon)

   [amulet of guardian spirit]

   It causes incoming damage to be split between your health and magic.
   It affects your intelligence (-5).
   It affects your dexterity (+2).
   It greatly protects you from negative energy.
   It affects your resistance to hostile enchantments.
Wands
 l - a wand of acid (6)
Scrolls
 b - 3 scrolls of remove curse {unknown}
 e - a scroll of enchant weapon {unknown}
 p - 2 scrolls of magic mapping {unknown}
Potions
 d - a potion of heal wounds
 h - a potion of stabbing
 k - a potion of haste
 m - a potion of degeneration
 o - 2 potions of mutation {unknown}
 q - a potion of lignification {unknown}
 r - a potion of curing {unknown}
Comestibles
 f - 6 rations


   Skills:
 - Level 4.0 Fighting
 + Level 7.0 Axes
 - Level 1.7 Throwing
 - Level 3.0 Dodging


You had 6 spell levels left.
You didn't know any spells.
Your spell library was empty.

Dungeon Overview and Level Annotations

Branches:
Dungeon (4/15)
 Temple: D:4-7

Altars:
Dithmenos
Elyvilon
Nemelex Xobeh
Uskayaw
Xom


Innate Abilities, Weirdness & Mutations

You are mostly covered in rugged brown scales. (AC +2, +5% HP)
You are partially covered in sharp spines.


Message History

You hit the orc warrior but do no damage.
The orc warrior is severely wounded.
The orc warrior struggles against the net.
The net rips apart, and the orc warrior comes free!
You closely miss the orc warrior.
The orc warrior is severely wounded.
The orc warrior is struck by your spines.
The orc warrior hits you with a +0 short sword!
You completely miss the orc warrior.
The orc warrior is almost dead.
The orc warrior closely misses you.
You hit the orc warrior but do no damage.
The orc warrior is almost dead.
The orc warrior hits you with a +0 short sword.
You closely miss the orc warrior.
The orc warrior is almost dead.
The orc warrior hits you with a +0 short sword.
* * * LOW HITPOINT WARNING * * *
The orc warrior hits you with a +0 short sword!
You die...

###..#............#
#..#.............# ..
###......###.......##..
##.........#............
.......................
.....................#
.............>.......#..
.................o.#..!.
...............)@.......
...............†.#.#.....
...........<#...........
...........####.....#..# #...
...........###...####..# #.<#
............#....# #...## ..#
.................###....##..##
#.............##...#....[##..#
#.............#..............#


You could see an orc warrior.

Vanquished Creatures
  Sigmund (D:4)
  A phantom (D:4)
  4 orc wizards (D:4)
  A jelly (D:3)
  2 orc priests (D:4)
  Natasha (D:4)
  A worker ant (D:3)
  4 adders
  9 oozes (D:3)
  An adder skeleton (D:4)
  A leopard gecko (D:1)
  17 orcs
  4 giant cockroaches
  10 goblins
  5 hobgoblins
  3 jackals (D:1)
  2 quokkas
  6 frilled lizards
  16 kobolds
  5 rats
94 creatures vanquished.

Vanquished Creatures (others)
  A fungus (D:3)
  7 toadstools (D:3)
8 creatures vanquished.

Grand Total: 102 creatures vanquished

Notes
Turn   | Place    | Note
-------+----------+-------------------------------------------
     0 | D:1      | DogServant the Demonspawn Gladiator began the quest for the
                  | Orb.
     0 | D:1      | Reached XP level 1. HP: 16/16 MP: 1/1
   441 | D:1      | Reached skill level 3 in Axes
   441 | D:1      | Gained mutation: You are partially covered in rugged brown
                  | scales. (AC +1, +3% HP) [demonic ancestry]
   441 | D:1      | Reached XP level 2. HP: 15/22 MP: 2/2
  1490 | D:2      | Gained mutation: You are partially covered in sharp spines.
                  | [demonic ancestry]
  1490 | D:2      | Reached XP level 3. HP: 27/27 MP: 3/3
  1879 | D:3      | Reached skill level 4 in Axes
  1879 | D:3      | Gained mutation: You are mostly covered in rugged brown
                  | scales. (AC +2, +5% HP) [demonic ancestry]
  1879 | D:3      | Reached XP level 4. HP: 25/35 MP: 4/4
  2089 | D:3      | Found a white marble altar of Elyvilon.
  2467 | D:3      | Reached XP level 5. HP: 41/43 MP: 5/5
  2931 | D:4      | Noticed a phantom
  2945 | D:4      | Reached skill level 5 in Axes
  2947 | D:4      | Killed a phantom
  2947 | D:4      | Reached XP level 6. HP: 38/50 MP: 6/6
  3107 | D:4      | Got a wavering brass amulet
  3181 | D:4      | Found an ancient bone altar of Kikubaaqudgha.
  3182 | D:4      | Noticed Sigmund
  3183 | D:4      | Found a snail-covered altar of Cheibriados.
  3183 | D:4      | Found a shadowy altar of Dithmenos.
  3195 | D:4      | Killed Sigmund
  3195 | D:4      | Reached skill level 6 in Axes
  3195 | D:4      | Reached XP level 7. HP: 48/56 MP: 7/7
  3237 | D:4      | Found a shimmering altar of Xom.
  3237 | D:4      | Found a shimmering altar of Xom.
  3237 | D:4      | Found a sparkling altar of Nemelex Xobeh.
  3278 | D:4      | Noticed a -3 dagger
  3278 | D:4      | Noticed a +0 hand axe
  3279 | D:4      | Noticed Natasha
  3293 | D:4      | Killed Natasha
  3293 | D:4      | Reached skill level 7 in Axes
  3298 | D:4      | Found a hide-covered altar of Uskayaw.
  3665 | D:4      | Slain by an orc warrior

Illustrated notes

Levels and vault maps discovered:
D:1:      psy_arrival_radial02, layout_basic, st_stairs_13
D:2:      layout_basic, nicolae_overflow_crystal_walls, nicolae_ru_path_of_blood
D:3:      cheibrodos_fertilizer, layout_basic, elyvilon_altar_5, first_ration
D:4:      layout_cave_pools, dancing_weapons_uskayaw, lemuel_blue_sif_altar,
          doesnt_xom_only_xom, uniq_natasha, uniq_blork_the_orc, uniq_sigmund

Skill      XL: |  1  2  3  4  5  6  7 |
---------------+----------------------+-----
Axes           | 3 4 5 6 7 |  7.0
Dodging        | 3 |  3.0
Fighting       | 3 4 |  4.0
Throwing       | |  1.7

Action                   |  1- 3 |  4- 6 |  7- 9 || total
-------------------------+-------+-------+-------++-------
Melee: War axe           |    94 |    73 |    28 ||   195
Throw: Throwing net      |       |     5 |     1 ||     6
Evoke: Wand              |       |     1 |       ||     1
  Use: Potion            |     3 |       |       ||     3
       Scroll            |     2 |     2 |       ||     4
 Stab: Held in net/web   |       |       |     1 ||     1
  Eat: Chunk             |     3 |     4 |     1 ||     8
Armor: Leather armour    |    13 |       |       ||    13
       Ring mail         |    15 |    36 |    20 ||    71
Dodge: Dodged            |    71 |    51 |    27 ||   149
